[Event "37th ECCC 2022"]
[Site "Mayrhofen"]
[Date "2022.10.03"]
[Round "1.53"]
[White "Murphy, Hugh W"]
[Black "Babazada, Khazar"]
[Result "0-1"]
[ECO "A46"]
[WhiteElo "2141"]
[BlackElo "2463"]
[Annotator "TA"]
[PlyCount "38"]
[EventDate "2022.10.03"]
[EventType "team-tourn"]
[EventCountry "AUT"]
[SourceTitle "playchess.com"]
[Source "ChessBase"]
[SourceQuality "1"]
[TimeControl "40/5400+30:1800+30"]

1. d4 Nf6 2. Nf3 d6 3. Bg5 Nbd7 4. Nbd2 e5 5. dxe5 dxe5 6. e4 {[%emt 0:00:43] A46: 1 d4 Nf6 2 Nf3 e6: Torre, London and Colle Systems.} Be7 7. Bc4 O-O 8. O-O {[%emt 0:00:53] The position is equal.} c6 9. a4 Qc7 {[%emt 0:00:56] [#]} 10. Nh4 $146 ({Predecessor:} 10. h3 Nc5 11. Re1 Be6 12. Qe2 Rfe8 13. Bh4 Bxc4 14. Qxc4 Ne6 15. Qc3 Nd7 16. Bg3 {½-½ (61) Medancic,R (2225)-Rocchetti,M (1814) Arco 2017}) 10... Nc5 11. Qf3 {[%emt 0:18:40] [#]} (11. Re1 $11) 11... Nfxe4 $1 12. Nxe4 Nxe4 13. Bh6 {[%emt 0:18:01] [#] White does not recover from this.} (13. Bxe7 $15 Nd2 14. Qe2 Qxe7 15. Qxd2 Qxh4 16. Bb3) 13... Nd6 $1 $19 ({Inferior is} 13... gxh6 14. Qxe4 Kh8 15. Nf5 $11 (15. Bd3 $2 f5 $19)) 14. Qg3 Bf6 15. Bd3 Qe7 {[%emt 0:00:50] White must now prevent ...Kh8.} 16. Nf3 e4 17. Bd2 Nf5 {[%emt 0:00:51] Black is clearly winning.} 18. Qf4 exd3 19. Rfe1 Be6 {[%emt 0:00:43] Weighted Error Value: White=0.45/Black=0.02 (flawless)} 0-1

[Event "37th ECCC 2022"]
[Site "Mayrhofen"]
[Date "2022.10.03"]
[Round "1.54"]
[White "Allahverdiyev, Anar"]
[Black "Varnam, Liam D"]
[Result "1-0"]
[ECO "A28"]
[WhiteElo "2412"]
[BlackElo "2090"]
[Annotator "TA"]
[PlyCount "73"]
[EventDate "2022.10.03"]
[EventType "team-tourn"]
[EventCountry "AUT"]
[SourceTitle "playchess.com"]
[Source "ChessBase"]
[SourceQuality "1"]
[TimeControl "40/5400+30:1800+30"]

1. c4 e5 2. Nc3 Nf6 3. Nf3 Nc6 4. d3 d5 5. cxd5 Nxd5 6. e3 Be7 7. Be2 O-O 8. O-O Be6 {[%emt 0:04:16] A28: English Opening: Four Knights Variation.} 9. e4 Nb6 10. a4 a5 {[%emt 0:02:09] [#] Black is slightly better.} 11. Be3 $146 ({Predecessor:} 11. Nb5 Bg4 12. Be3 Nd7 13. Rc1 Re8 14. Nd2 Bxe2 15. Qxe2 Nf8 16. Nf3 Ne6 17. Rc4 {0-1 (38) Del Rio de Angelis,S (2502)-Peric,S (2230) Linares 2005}) 11... f6 12. Nb5 Bb4 13. Rc1 Qe7 14. d4 exd4 15. Nfxd4 Nxd4 16. Nxd4 {[%emt 0:01:40][%cal Oc1c7] And now Rxc7! would win.} (16. Qxd4 $6 Rad8 17. Rxc7 Rxd4 $11) 16... Bf7 (16... Rad8 $142 17. Qc2 Bc8) 17. Nf5 $16 Qxe4 18. Bd3 $1 (18. Rxc7 Rad8 19. Qb1 Qxb1 20. Rxb1 Nd5 21. Rxb7 Bg6 $11) 18... Qe8 19. Rxc7 Nd5 {[%emt 0:02:12] [#]} 20. Qg4 $1 $36 {[%emt 0:10:52][%csl Gf5][%cal Rg4g7][%mdl 2048] White is really pushing.} g6 {[%emt 0:03:08] [#]} 21. Rxb7 (21. Bd4 $1 $18 {has better winning chances.}) 21... Kh8 22. Bh6 {[%emt 0:06:20] Black must now prevent Bg7+. White has more active pieces.} Rg8 {[%emt 0:01:07] Inhibits Bg7+. Loses the game.} (22... Qc8 $16 23. Bxf8 (23. Bg7+ Kg8 $16) 23... Qxb7) 23. Nd4 $18 {[%emt 0:00:29] Hoping for Bb5.} Be7 $2 (23... Bf8 {keeps fighting.}) 24. Bb5 Qc8 25. Qxc8 Raxc8 26. Nc6 Bf8 27. Bxf8 ({Don't play} 27. Nxa5 Be6 $18) 27... Rgxf8 28. Rd1 {[%emt 0:01:05][%cal Ob7f7] Strongly threatening Rxf7!} ({Much less strong is} 28. Nxa5 Nf4 29. Re1 Rc2 $18) 28... Bg8 29. h4 Nb4 $2 (29... Ra8 {is tougher.} 30. Rd4 f5) 30. Nxb4 axb4 31. a5 Rfd8 32. Rxd8 Rxd8 33. a6 Bd5 34. Rd7 Rxd7 35. Bxd7 Bc4 36. a7 Bd5 37. Bg4 {[%emt 0:00:01] Weighted Error Value: White=0.14 (very precise) /Black=0.73} 1-0

[Event "37th ECCC 2022"]
[Site "Mayrhofen"]
[Date "2022.10.03"]
[Round "1.55"]
[White "Rodshtein, Maxim"]
[Black "Saraci, Nderim"]
[Result "1/2-1/2"]
[ECO "E06"]
[WhiteElo "2602"]
[BlackElo "2480"]
[Annotator "TA"]
[PlyCount "75"]
[EventDate "2022.10.03"]
[EventType "team-tourn"]
[EventCountry "AUT"]
[SourceTitle "playchess.com"]
[Source "ChessBase"]
[SourceQuality "1"]
[TimeControl "40/5400+30:1800+30"]

1. d4 Nf6 2. c4 e6 3. g3 d5 4. Bg2 Be7 5. Nf3 O-O 6. O-O dxc4 7. Qc2 a6 8. a4 Bd7 9. Qxc4 Bc6 10. Bf4 Bd6 {[%emt 0:10:47] E05: Open Catalan: 5 Nf3 Be7.} 11. Qc1 Bxf4 12. Qxf4 Qd6 13. Nbd2 a5 14. Qe3 Nbd7 15. Rfc1 Bxf3 (15... Nd5 $11 16. Qb3 Nb4) 16. Nc4 $14 Qb4 {[%emt 0:05:58] [#] aiming for ...Bxg2.} 17. Qxf3 {[%emt 0:02:36] [#]} c6 $146 ({Predecessor:} 17... Nd5 18. Qa3 f5 19. Qxb4 axb4 20. Nd2 c6 21. a5 Rfc8 22. e4 fxe4 23. Nxe4 Rc7 {1-0 (70) Rodshtein,M (2701)-Jakovenko,D (2718) Poikovsky 2017}) 18. Qa3 Rfd8 19. Qxb4 axb4 20. a5 Ra7 21. Nd2 Nb8 22. Nb3 Na6 23. e3 Nd5 24. Bf1 Ndc7 25. Ra4 Kf8 26. e4 {[%emt 0:04:30] White is more active.} Raa8 27. Kg2 Ke7 28. h4 f6 29. h5 f5 (29... e5 $14) 30. exf5 exf5 31. Re1+ Kf6 32. Raa1 (32. f4 {looks sharper.} Rd6 33. Re5 g6 34. Kf3) 32... Ne6 33. Red1 (33. Bxa6 $14 {feels stronger.} Rxa6 34. Rac1) 33... Rd6 $11 34. Rac1 Nac7 35. Rc4 Na6 36. Rc2 Nac7 37. Rc4 Na6 38. Rc2 {[%emt 0:00:41] Weighted Error Value: White=0.09 (flawless) /Black=0.10 (very precise)} 1/2-1/2

[Event "37th ECCC 2022"]
[Site "Mayrhofen"]
[Date "2022.10.03"]
[Round "1.56"]
[White "Ondozi, Murtez"]
[Black "Mikhalevski, Victor"]
[Result "0-1"]
[ECO "D32"]
[WhiteElo "2402"]
[BlackElo "2523"]
[Annotator "TA"]
[PlyCount "72"]
[EventDate "2022.10.03"]
[EventType "team-tourn"]
[EventCountry "AUT"]
[SourceTitle "playchess.com"]
[Source "ChessBase"]
[SourceQuality "1"]
[TimeControl "40/5400+30:1800+30"]

1. d4 d5 2. c4 e6 3. Nc3 c5 4. e3 Nf6 5. Nf3 a6 6. dxc5 Bxc5 7. a3 O-O 8. b4 Bd6 9. Bb2 Nc6 10. c5 Bc7 11. Be2 e5 {[%emt 0:01:16] [#]} 12. Na4 $146 {[%emt 0:01:16] D40: Queen's Gambit Declined: Semi-Tarrasch with 5 e3.} ({Predecessor:} 12. O-O h6 13. Qc2 Qe7 14. e4 dxe4 15. Nxe4 Nxe4 16. Qxe4 f5 17. Bc4+ Be6 18. Qc2 Bxc4 19. Qxc4+ Qf7 20. Qxf7+ Kxf7 {½-½ (51) Takac,Z (2066)-Jakovljevic,V (2351) Bosnjaci 2020}) 12... Bg4 13. h3 Bh5 14. O-O {[%emt 0:03:57] Black has an edge.} Qe7 15. Nh4 Bxe2 16. Qxe2 Rad8 17. Rad1 Rfe8 18. Rfe1 g6 19. Nf3 e4 20. Nd2 h5 21. Nf1 Be5 22. Nb6 Qe6 23. Qc2 ({White should play} 23. Bxe5 $11 Nxe5 24. Nd2) 23... Qf5 ({Black should try} 23... Bxb2 $15 24. Qxb2 Ne5) 24. Re2 (24. Ng3 $14 Qg5 25. Ne2) 24... Qg5 $11 25. Kh1 Qh4 26. Red2 Bxb2 $1 27. Qxb2 Ne5 $1 28. Qc3 $2 (28. Nxd5 Nxd5 29. Rxd5 Nd3 30. R5xd3 (30. Rxd8 $2 Rxd8 31. Rxd3 exd3 $19) 30... Rxd3 $17) (28. Rd4 $11 {and White stays safe.}) 28... Nf3 29. Rc2 $2 (29. gxf3 {gets mated.} Qxh3+ 30. Nh2 {[#]} exf3 $1 31. Rg1 Ng4 32. Rxg4 hxg4) (29. Nh2 {is a better chance.}) 29... Ng4 $19 30. Qb2 d4 {[%emt 0:08:07] Dancing on a razor blade.} 31. exd4 {[%emt 0:00:29] [#]} e3 $1 {[%emt 0:00:08] aiming for ...e2.} 32. fxe3 (32. gxf3 Qxh3+) 32... Rxe3 {[%emt 0:00:16][%cal Od8e8,Be8e3,Be3f3,Bf3f2][%mdl 32] And now ...Rde8! would win.} 33. gxf3 (33. Nxe3 Nxe3 34. Rb1 Rxd4) (33. d5 $142 Re1 34. Qc3 (34. Rxe1 $2 Qxe1 35. Rc1 Qf2 $19) 34... Nf2+ 35. Rxf2 Qxf2 36. Qxf3 Qxf3 37. gxf3 Rxd1 38. Kg2) 33... Rxf3 34. Nh2 Nf2+ 35. Rxf2 Rxf2 36. Qb1 {[%emt 0:00:31] Prevents Qe4+.} Qxh3 {[%emt 0:00:22] Weighted Error Value: White=1.24/Black=0.21 (precise)} 0-1

[Event "37th ECCC 2022"]
[Site "Mayrhofen"]
[Date "2022.10.03"]
[Round "1.58"]
[White "Fejzullahu, Afrim"]
[Black "Steinberg, Nitzan"]
[Result "1/2-1/2"]
[ECO "D38"]
[WhiteElo "2244"]
[BlackElo "2545"]
[Annotator "TA"]
[PlyCount "160"]
[EventDate "2022.10.03"]
[EventType "team-tourn"]
[EventCountry "AUT"]
[SourceTitle "playchess.com"]
[Source "ChessBase"]
[SourceQuality "1"]
[TimeControl "40/5400+30:1800+30"]

1. d4 d5 2. c4 e6 3. Nf3 Nf6 4. Nc3 Bb4 5. e3 c5 6. Bd2 O-O 7. dxc5 Bxc5 8. Rc1 Nc6 9. cxd5 exd5 10. Be2 a6 11. O-O Ba7 {[%emt 0:04:36] D32: Tarrasch Defence: Sidelines and lines without g3.} 12. a3 Qd6 {[%emt 0:04:50] [#]} 13. b4 $146 ({Predecessor:} 13. Qc2 Bg4 14. Na4 Rac8 15. h3 Nd4 16. Qd1 Rxc1 17. Bxc1 Nxe2+ 18. Qxe2 Bh5 19. Bd2 {0-1 (42) Fitzke,U (2003)-Quinn,J (2103) Dresden 2013}) 13... Bg4 14. b5 Bb8 (14... Bxf3 $11 15. Bxf3 Ne5) 15. bxc6 $16 ({Much weaker is} 15. g3 $6 axb5 16. Nxb5 Qd7 $11) 15... Bxf3 16. g3 Bxe2 17. Nxe2 ({Reject} 17. cxb7 $6 Bxd1 18. bxa8=Q Bf3 $11) 17... Qc7 (17... bxc6 $2 18. Bb4 Qd7 19. Bxf8 Kxf8 20. Qc2 $18) 18. Bc3 Ne4 19. Qxd5 (19. Ba1 $142 bxc6 20. Nd4) 19... Qxc6 20. Qxc6 bxc6 21. f3 (21. Bb2 $14) 21... Nxc3 $11 22. Rxc3 Ba7 23. Nd4 Rfe8 {[%emt 0:09:51][%cal Oe8e3] And now ...Rxe3! would win.} (23... Bxd4 $5 24. exd4 Rfd8 $14) 24. Kf2 $36 {[%emt 0:01:39][%mdl 2048] White has the initiative.} Rab8 {[%emt 0:06:23] ...Bxd4 is the strong threat.} 25. Rfc1 Rb2+ 26. R1c2 Rxc2+ 27. Rxc2 $16 {[%emt 0:00:29][%mdl 4096] Endgame KRB-KRN} c5 28. Nc6 Bb6 29. Rb2 Bc7 30. Rb7 Bd6 31. Na5 ({Don't do} 31. Rd7 $6 Bf8 $14) 31... Re6 32. Nc4 Bf8 33. Rb6 {[%emt 0:01:12] White is more active.} (33. f4 $142) 33... Rxb6 34. Nxb6 {[%emt 0:00:07] KB-KN} f5 35. Ke2 Kf7 36. Kd3 $1 Ke6 37. Kc4 {[%emt 0:00:40] Hoping for Na4.} Kd6 38. Na4 Kc6 39. Nc3 Bd6 ({Black should play} 39... g6) 40. Nd5 Bf8 (40... h6 $16) 41. Nf4 $1 $18 {[%emt 0:04:29] Threatens to win with Ne6.} g6 42. Nd3 (42. Ne6 $1 $18 Be7 43. a4) 42... Bd6 $16 43. e4 fxe4 44. fxe4 Be7 45. a4 Bd6 46. e5 Bf8 47. Nf4 (47. h3 $142) 47... Bg7 48. Nd3 (48. e6 $142 $1) 48... Bf8 $1 49. h3 Be7 50. Nf4 {[%emt 0:00:24] Black must now prevent Ne6.} Bf8 $2 (50... Bg5 $16 51. Nd5 a5) 51. Ne6 $1 $18 Be7 52. g4 $1 h5 $2 (52... a5 53. g5 Kb6) 53. gxh5 $2 (53. g5 $18 {Strongly threatening h4.} Kd7 54. Nxc5+ Ke8 55. Nxa6 Bxg5 56. Nb4) 53... gxh5 $11 54. Ng7 Bd8 $2 (54... h4 $11) 55. Nxh5 $18 Bc7 56. e6 Be5 57. e7 Kd7 58. Kxc5 Kxe7 {[%emt 0:00:03] [#]} 59. Kd5 $1 Bh2 {[%emt 0:03:04] [#]} 60. h4 $2 ({White has to play} 60. Ng7 $1 $18 Kf6 61. Ne6) 60... Kf7 $11 {[%emt 0:00:10] The position is equal.} 61. Ke4 Kg6 62. Nf4+ Kh6 63. Kf5 a5 $1 64. Kg4 Bxf4 65. Kxf4 {[%emt 0:00:06] KPP-KP} Kh5 66. Kg3 Kh6 67. Kg4 Kg6 68. h5+ Kh6 69. Kh4 Kh7 70. Kg5 Kg7 71. h6+ Kh7 72. Kh5 Kh8 73. Kg4 Kh7 74. Kg5 Kh8 75. Kf5 Kh7 76. Ke5 Kxh6 77. Kd5 Kg7 78. Kc5 Kf8 79. Kb5 Ke8 80. Kxa5 Kd8 {[%emt 0:00:03] Black defended with fortune.  Weighted Error Value: White=0.28 (precise) /Black=0.21 (precise)} 1/2-1/2

[Event "37th ECCC 2022"]
[Site "Mayrhofen"]
[Date "2022.10.03"]
[Round "1.59"]
[White "Huzman, Alexander"]
[Black "Zymberi, Astrit"]
[Result "1/2-1/2"]
[ECO "E92"]
[WhiteElo "2535"]
[BlackElo "2052"]
[Annotator "TA"]
[PlyCount "80"]
[EventDate "2022.10.03"]
[EventType "team-tourn"]
[EventCountry "AUT"]
[SourceTitle "playchess.com"]
[Source "ChessBase"]
[SourceQuality "1"]
[TimeControl "40/5400+30:1800+30"]

1. Nf3 {[%emt 0:00:07] Knaak,R} Nf6 2. c4 g6 3. Nc3 Bg7 4. e4 d6 5. d4 O-O 6. Be2 e5 7. Be3 Ng4 8. Bg5 f6 9. Bh4 Nc6 10. d5 Ne7 11. Nd2 Nh6 12. f3 g5 13. Bf2 f5 14. c5 {[%emt 0:03:34] White is more active.} Ng6 {[%emt 0:02:22] E92: King's Indian: Classical: 6 Be2 e5: 7 dxe5, 7 Be3 and Petrosian System without 7...Nbd7.} 15. g3 g4 16. fxg4 Nxg4 {[%emt 0:05:38] White is better.} 17. Bxg4 fxg4 {[%emt 0:00:26] [#]} 18. Qe2 $146 ({Predecessor:} 18. Nc4 Nh8 19. cxd6 cxd6 20. O-O Nf7 21. Be3 Bd7 22. a4 Bf6 23. Qe2 Bg5 24. Kh1 {1-0 (60) Ehlvest,J (2620)-Van Wely,L (2585) Groningen 1993 CBM 039 [Knaak,R]}) 18... Bd7 (18... b6 $14) 19. b4 ({White should try} 19. O-O $16) 19... Bh6 $11 20. Be3 Bxe3 21. Qxe3 a5 22. b5 dxc5 23. Qxc5 b6 24. Qe3 (24. Qc4 $5 ) 24... Qe7 25. a3 (25. a4 $16) 25... Kg7 (25... a4 $11) 26. Rf1 (26. a4 $16) 26... h5 (26... a4 $1 $11 {remains equal.}) 27. Rxf8 Rxf8 28. Ke2 (28. a4 $16) 28... h4 {[%emt 0:01:24] [#]} (28... a4 $1 $11 {keeps the balance.}) 29. a4 $1 $16 hxg3 30. hxg3 Rh8 {[%emt 0:00:14][%cal Og6f4] [#]} 31. Rf1 {[%emt 0:05:04] Prevents Nf4+.} (31. Nd1 $1 $16) 31... Rh3 $11 32. Kd3 Nf4+ 33. Kc2 Nh5 (33... Be8 $5 ) 34. Rg1 (34. d6 $5 cxd6 35. Nd5 $14) 34... Kg6 35. Nc4 {[%emt 0:02:50][%cal Od5d6] d6! is the strong threat.} Rh2+ 36. Kd3 {[%emt 0:00:13][%cal Od5d6] Chess con chili.} Rh3 37. Qf2 Nf4+ $2 (37... Kg7 $14) 38. Kc2 $18 {[%emt 0:00:41] Hoping for d6.} Nh5 39. Qe3 $2 (39. Rf1 $18) 39... Rh2+ $14 40. Kd3 {[%emt 0:00:05][%cal Od5d6] Strongly threatening d6!} (40. Kd1 $5 ) 40... Rh3 {[%emt 0:00:21] Weighted Error Value: White=0.39/Black=0.40} 1/2-1/2

[Event "37th ECCC 2022"]
[Site "Mayrhofen"]
[Date "2022.10.03"]
[Round "1.60"]
[White "Budima, Armend"]
[Black "Kobo, Ori"]
[Result "0-1"]
[ECO "B23"]
[WhiteElo "2153"]
[BlackElo "2544"]
[Annotator "TA"]
[PlyCount "110"]
[EventDate "2022.10.03"]
[EventType "team-tourn"]
[EventCountry "AUT"]
[SourceTitle "playchess.com"]
[Source "ChessBase"]
[SourceQuality "1"]
[TimeControl "40/5400+30:1800+30"]

1. e4 c5 2. Nc3 Nc6 3. f4 e6 4. Nf3 d5 5. Bb5 Nge7 6. Qe2 d4 {[%emt 0:02:08] B23: Closed Sicilian: Lines without g3.} 7. Nb1 a6 8. Bxc6+ Nxc6 {[%emt 0:00:10] Black is slightly better.} 9. d3 Be7 10. O-O b5 {[%emt 0:01:53] [#]} 11. a3 $146 ({Predecessor:} 11. Nbd2 Bb7 12. Rf2 Qb6 13. Nf1 h6 14. Ng3 O-O-O 15. a4 Nb4 16. f5 Bd6 17. axb5 axb5 {1-0 (36) Gazik,V (2502)-Denishev,M (2159) Chess.com INT 2020}) 11... O-O 12. e5 f5 13. exf6 $1 Rxf6 14. Ng5 {[%emt 0:02:55] Qe4 is the strong threat.} Qd5 15. Qe4 ({Reject} 15. Qh5 h6 16. c4 (16. Qe8+ $2 Rf8 $19) 16... bxc4 17. dxc4 Qd7 $17) 15... g6 (15... Qxe4 $15 {should be considered.} 16. Nxe4 Rf8) 16. Nd2 $11 Bd7 17. Qf3 (17. Qe1 $14) 17... Qxf3 (17... Rf5 {with more complications.} 18. Nde4 h6 19. g4 Rff8) 18. Ndxf3 a5 19. Ne4 {[%emt 0:01:34] Pair of Knights!} Rff8 20. Bd2 a4 21. Rae1 h6 22. Ne5 Nxe5 23. fxe5 Kg7 24. Nf6 Bc6 25. h4 c4 26. Ng4 ({Better is} 26. Ra1 $15) 26... g5 ({Don't do} 26... Bxh4 27. Bxh6+ Kg8 28. Nf6+ Kh8 29. Re2 $16) 27. hxg5 (27. Rf6 $142 Bxf6 28. exf6+ Rxf6 29. Nxf6 Kxf6 30. hxg5+ hxg5 31. Rf1+ Kg6 32. Bb4) 27... hxg5 ({And not} 27... Bxg5 28. Bxg5 Rxf1+ 29. Rxf1 $11) (27... Rxf1+ $142 28. Rxf1 hxg5) 28. Rf6 $17 Bxf6 29. exf6+ {[%emt 0:00:01][%mdl 64] Discovered Attack} Rxf6 30. Nxf6 Kxf6 {[%emt 0:00:03][%mdl 4096] Endgame KRB-KRB} 31. Rf1+ Kg6 32. Re1 {[%emt 0:00:14] [#]} (32. Bb4 $142) 32... Bd5 $1 33. Bb4 Rc8 34. Re2 Rc6 35. Kf2 Kf5 36. Kg3 cxd3 37. cxd3 Rc1 38. Rf2+ {[%emt 0:00:52] [#]} Kg6 $1 {[%emt 0:00:04] Black is more active.} 39. Rd2 {[%emt 0:03:24] Against Rd1. Now White is beyond hope.} (39. Be7 $17) 39... Re1 $19 40. Kf2 Re3 41. Bd6 Kf5 42. Bf8 $2 (42. Bh2 {was called for.}) 42... e5 {[%emt 0:05:50] And now ...g4 would win.} 43. Be7 Ba2 (43... g4 $142 44. Bh4 Kf4) 44. Rd1 $2 (44. Bd6) 44... g4 {[%emt 0:04:42] aiming for ...g3+.} 45. Bh4 {[%emt 0:03:44] Prevents g3+.} Kf4 {[%emt 0:00:58] Against Bg3+} 46. g3+ Kf5 47. Kg1 Ke6 48. Kf2 Kd6 49. Rd2 (49. Bg5 $142 Rf3+ 50. Ke2) 49... Bb1 50. Bg5 Rf3+ 51. Kg2 Bxd3 {[%emt 0:01:20] Hoping for ...Be4.} 52. Rf2 Rxf2+ {[%emt 0:00:15] Black mates.} 53. Kxf2 Kd5 54. Bf6 e4 55. Bg5 e3+ {[%emt 0:00:30] Weighted Error Value: White=0.56/Black=0.19 (very precise)} 0-1

[Event "37th ECCC 2022"]
[Site "Mayrhofen"]
[Date "2022.10.03"]
[Round "1.61"]
[White "Feller, Sebastien"]
[Black "Pechac, Jergus"]
[Result "1/2-1/2"]
[ECO "B90"]
[WhiteElo "2542"]
[BlackElo "2633"]
[Annotator "TA"]
[PlyCount "46"]
[EventDate "2022.10.03"]
[EventType "team-tourn"]
[EventCountry "AUT"]
[SourceTitle "playchess.com"]
[Source "ChessBase"]
[SourceQuality "1"]
[TimeControl "40/5400+30:1800+30"]

1. e4 c5 2. Nf3 d6 3. Nc3 Nf6 4. d4 cxd4 5. Nxd4 a6 6. Be3 Ng4 7. Bc1 Nf6 8. Be3 Ng4 9. Bc1 Nf6 10. Be3 Ng4 {[%emt 0:00:24] [#] 10...Nbd7 is the modern continuation.} {Predecessor:} 11. Bg5 $146 {B90: Sicilian Najdorf: Unusual White 6th moves, 6 Be3 Ng4 and 6 Be3 e5.} h6 12. Bh4 g5 13. Bg3 Bg7 14. h3 Ne5 15. Nf5 Bxf5 16. exf5 Nbc6 17. Nd5 e6 18. fxe6 fxe6 19. Ne3 Qa5+ 20. c3 Nf3+ 21. gxf3 Bxc3+ 22. bxc3 Qxc3+ 23. Qd2 Qxa1+ {½-½ (55) Dominguez Perez,L (2745)-Firouzja,A (2778) Saint Louis 2022} 1/2-1/2

[Event "37th ECCC 2022"]
[Site "Mayrhofen"]
[Date "2022.10.03"]
[Round "1.62"]
[White "Michalik, Peter"]
[Black "Bruch, Jochen"]
[Result "1-0"]
[ECO "A67"]
[WhiteElo "2558"]
[BlackElo "2176"]
[Annotator "TA"]
[PlyCount "51"]
[EventDate "2022.10.03"]
[EventType "team-tourn"]
[EventCountry "AUT"]
[SourceTitle "playchess.com"]
[Source "ChessBase"]
[SourceQuality "1"]
[TimeControl "40/5400+30:1800+30"]

1. d4 Nf6 2. c4 c5 3. d5 e6 4. Nc3 exd5 5. cxd5 d6 6. e4 g6 7. f4 Bg7 8. Bb5+ Nfd7 9. Be2 O-O 10. Nf3 a6 11. a4 Re8 12. O-O $1 Nf6 {[%emt 0:00:46] A67: Modern Benoni: Taimanov Variation.} (12... Nf8 $16) 13. e5 $18 (13. Qc2 Nbd7 14. Bd2 Rb8 15. Rae1 Qc7 16. Kh1 Nf8 17. e5 Bf5 18. Bd3 Bxd3 19. Qxd3 N6d7 20. e6 fxe6 21. dxe6 Rxe6 22. Ng5 Rxe1 23. Rxe1 h6 24. Nd5 Qd8 25. Ne7+ {1-0 (25) Michalik,P (2594)-Bruch,J (2187) Tornelo INT 2021}) 13... Nfd7 14. e6 ({Don't play} 14. exd6 $6 Qf6 $14) 14... fxe6 {[%emt 0:07:05] White is clearly better.} 15. dxe6 Nf6 16. f5 {[%emt 0:05:41] Bc4 is the strong threat. White is more active.} gxf5 {[%emt 0:02:34] [#]} (16... Nc6 $16 {might work better.}) 17. Ng5 $1 {[%emt 0:00:04] [#] Strongly threatening Bc4.} Nc6 $146 {[%emt 0:04:16] [#]} (17... Bxe6 $142 18. Nxe6 Rxe6) ({Predecessor:} 17... Bxe6 18. Nxe6 Rxe6 19. Bc4 d5 20. Nxd5 Kh8 21. Bg5 Re4 22. Qb3 Nc6 23. Qxb7 Na5 24. Qxg7+ Kxg7 25. Bxf6+ Qxf6 26. Nxf6 Rxc4 27. Rxf5 {1-0 (33) Mueller,L (2191)-Nilsen,M (1878) Caleta 2014}) 18. Bc4 $1 {[%emt 0:05:01] Hoping for e7+.} (18. Rxf5 Ne5) 18... Qe7 19. Bf4 Nd4 $2 {[%emt 0:11:19] [#]} (19... d5) 20. Bxd6 $1 {[%emt 0:00:31][%mdl 512] White is clearly winning.} Qxd6 21. e7+ $1 Be6 22. Bxe6+ Qxe6 23. Nxe6 Nxe6 24. Qd6 Kf7 25. Rxf5 {[%emt 0:00:06] Threatening mate with Raf1.} Rxe7 26. Nd5 {[%emt 0:00:11] Black did not feel at home in the position after the opening.  Weighted Error Value: White=0.12 (very precise) /Black=0.53} 1-0

[Event "37th ECCC 2022"]
[Site "Mayrhofen"]
[Date "2022.10.03"]
[Round "1.63"]
[White "Gengler, Pierre"]
[Black "Prohaszka, Peter"]
[Result "0-1"]
[ECO "A00"]
[WhiteElo "2151"]
[BlackElo "2570"]
[Annotator "TA"]
[PlyCount "84"]
[EventDate "2022.10.03"]
[EventType "team-tourn"]
[EventCountry "AUT"]
[SourceTitle "playchess.com"]
[Source "ChessBase"]
[SourceQuality "1"]
[TimeControl "40/5400+30:1800+30"]

1. g3 d5 2. Bg2 e5 3. d3 Bd6 4. Nd2 Nf6 5. e4 c6 6. Ngf3 O-O 7. O-O Re8 8. Re1 Nbd7 9. Nf1 {[%emt 0:03:33] B10: Caro-Kann: 2 d3 and 2 c4.} a5 {[%emt 0:05:45] [#]} 10. Bg5 $146 ({Predecessor:} 10. c3 a4 11. Qc2 b5 12. Ne3 Bb7 13. Nf5 Bf8 14. Bg5 Qc7 15. Rad1 h6 16. Bc1 c5 {1-0 (42) Karthikeyan,M (2606)-Ter Sahakyan,S (2640) Chess.com INT 2020}) 10... h6 11. Bd2 {[%emt 0:00:17] Black is slightly better.} dxe4 12. dxe4 Nc5 13. Nh4 Bf8 14. a3 {[%emt 0:02:25] [#]} (14. Nf5 $15) 14... Bg4 (14... Qd4 $1 $17 15. Bc3 Qxd1 16. Raxd1 Na4) 15. Bf3 (15. Qc1 $15) 15... Bh3 (15... h5 $17 16. Be3 Bxf3 17. Qxf3 Ncxe4) 16. Bg2 (16. Qe2 $15) 16... Bxg2 $17 17. Kxg2 Ncxe4 18. Nf3 (18. Be3 $17) 18... Nxd2 ({Black should try} 18... Qb6 $19 19. Ne3 Nxd2 20. Nxd2 Qxb2) 19. N3xd2 Qd5+ 20. Nf3 e4 {[%emt 0:06:16] Black has more active pieces.} 21. Qxd5 Nxd5 22. N3d2 f5 23. g4 (23. a4 $17 {was necessary.}) 23... Nf4+ 24. Kh1 fxg4 25. Nxe4 Re5 {[%emt 0:01:12] Strongly threatening ...Rae8.} 26. Neg3 Rae8 27. Rxe5 Rxe5 28. Rd1 $2 (28. Ne3) 28... Bc5 $19 29. Rd8+ Kh7 30. Rd7 Bxf2 31. Rf7 Bxg3 32. hxg3 {[%emt 0:00:05][%mdl 4096] Endgame KRN-KRN} Nh3 33. b4 $2 (33. Rxb7 Re1 34. Kg2) 33... axb4 {[%emt 0:02:13] Black is clearly winning.} 34. axb4 b5 35. Nh2 h5 {[%emt 0:01:45] [#] And now ...Re1+ would win.} 36. Rf1 {[%emt 0:04:18] Against Re1} Re2 {[%emt 0:00:48] Hoping for ...h4.} 37. Rc1 Nf2+ (37... h4 $142 38. Nf1 Nf2+ 39. Kg1 h3) 38. Kg1 Ne4 39. Nf1 Ng5 40. Nh2 Nf3+ (40... h4 $142 41. Nxg4 hxg3) 41. Nxf3 gxf3 42. c4 f2+ {[%emt 0:00:47] Weighted Error Value: White=0.98/Black=0.28 (precise)} 0-1